[Event "Titled Tuesday Blitz August 02 Late 2022"]
[White "Yoo, Christopher Woojin"]
[Black "Mardov, Dimitar"]
[WhiteFideId "30909694"]
[BlackFideId "30919495"]
[WhiteElo "2105"]
[BlackElo "2185"]
[Result "0-1"]
[Round "06"]
[TimeControl "180+1"]
[Date "2022.08.02"]
[WhiteClock "0:00:03"]
[BlackClock "0:00:06"]

1. e4 e5 2. Nf3 Nc6 3. Bb5 a6 4. Ba4 d6 5. O-O Bd7 6. d4 Nxd4 7. Bxd7+ Qxd7 8. Nxd4 exd4 9. Qxd4 Nf6 10. Nc3 Be7 11. Rd1 O-O 12. e5 Ne8 13. Bf4 Rd8 14. Nd5 Qe6 15. Rd3 f6 16. Nxe7+ Qxe7 17. Qd5+ Kh8 18. exd6 Nxd6 19. Rad1 Rfe8 20. h3 h6 21. Re3 Qd7 22. Red3 b5 23. Qc5 Qe7 24. Qc6 Nc4 25. Rxd8 Rxd8 26. Rxd8+ Qxd8 27. b3 Ne5 28. Qe4 Qd1+ 29. Kh2 Qd6 30. a4 bxa4 31. bxa4 Qc5 32. Qa8+ Kh7 33. Qe4+ Kh8 34. Be3 Qc6 35. Qxc6 Nxc6 36. Bf4 Nb4 37. c3 Nd5 38. Bd2 Nb6 39. a5 Nc4 40. Bf4 Nxa5 41. Bxc7 Nc4 42. Kg3 a5 43. Kf3 a4 44. Bd8 a3 45. Ke4 a2 46. Kd4 a1=Q 47. Kxc4 Qa8 48. Kc5 Qxd8 0-1


[Site "https://www.chess.com"]

[Event "Titled Tuesday Blitz August 02 Late 2022"]
[White "Zhigalko, Sergei"]
[Black "Yanchenko, Roman"]
[WhiteFideId "13502956"]
[BlackFideId "4137329"]
[WhiteElo "2662"]
[BlackElo "2514"]
[Result "0-1"]
[Round "06"]
[TimeControl "180+1"]
[Date "2022.08.02"]
[WhiteClock "0:00:01"]
[BlackClock "0:00:07"]

1. e4 e6 2. d4 d5 3. e5 c5 4. c3 Qb6 5. Nf3 Bd7 6. Be2 Bb5 7. Bxb5+ Qxb5 8. a4 Qd7 9. O-O Nc6 10. dxc5 Bxc5 11. Nbd2 Nge7 12. Nb3 Bb6 13. Re1 a6 14. a5 Ba7 15. Be3 Bxe3 16. Rxe3 Qc7 17. h4 Nf5 18. Re2 h5 19. g3 Rc8 20. Nfd4 Ncxd4 21. cxd4 O-O 22. Rc1 Qe7 23. Nc5 Rc7 24. Rec2 Rfc8 25. b4 g6 26. Qd3 Rc6 27. Kg2 Kh7 28. Rc3 R8c7 29. Ra1 Qf8 30. Raa3 Qh6 31. Rab3 g5 32. hxg5 Qxg5 33. Rb1 Qg4 34. Rd1 Kg8 35. Rd2 h4 36. Qf3 Qg5 37. Qd3 Qg4 38. Rdc2 hxg3 39. fxg3 Nxd4 40. Rf2 Nf5 41. Rf4 Qg5 42. Qf3 d4 43. Rd3 Rxc5 44. bxc5 Rxc5 45. Rd2 Kf8 46. Kf2 Rxe5 47. Rc2 Qh6 48. Rc8+ Ke7 49. Qa3+ Kf6 50. Kf3 Qh1+ 51. Kg4 Kg6 52. Qf8 Nh6+ 0-1


[Site "https://www.chess.com"]

[Event "Titled Tuesday Blitz August 02 Late 2022"]
[White "Awatramani, Janak"]
[Black "Salem, A.R. Saleh"]
[WhiteFideId "2608359"]
[BlackFideId "9301348"]
[WhiteElo "2772"]
[BlackElo "2679"]
[Result "0-1"]
[Round "07"]
[TimeControl "180+1"]
[Date "2022.08.02"]
[WhiteClock "0:00:03"]
[BlackClock "0:00:15"]

1. b3 d5 2. Bb2 c5 3. e3 a6 4. Nf3 Nc6 5. d4 cxd4 6. Nxd4 Nf6 7. Nd2 Nxd4 8. Bxd4 Qc7 9. f4 Bg4 10. Be2 Bxe2 11. Qxe2 Qxc2 12. O-O Ne4 13. Rfd1 Rc8 14. Qe1 Nxd2 15. Rac1 Nf3+ 16. gxf3 Qg6+ 17. Kf2 Rc2+ 18. Rd2 Rc6 19. Rxc6 bxc6 20. Qe2 e5 21. Bxe5 Bb4 22. Rd1 f6 23. Bd4 O-O 24. Qxa6 Qc2+ 25. Qe2 Qf5 26. Rc1 Rc8 27. Qc2 Qh3 28. Rg1 Qxh2+ 29. Rg2 Qh4+ 30. Kg1 Qe1+ 31. Kh2 Qh4+ 32. Kg1 c5 33. Qf5 Qe1+ 34. Kh2 Qh4+ 35. Kg1 Rf8 36. Qxd5+ Kh8 37. Bxc5 Qe1+ 38. Kh2 Qh4+ 39. Kg1 Rc8 40. Rc2 Qg3+ 41. Kf1 Qh3+ 42. Kg1 Ba5 43. b4 Rd8 44. Bd6 Bxb4 45. Bxb4 Rxd5 46. Rc8+ Qxc8 0-1


[Site "https://www.chess.com"]

[Event "Titled Tuesday Blitz August 02 Late 2022"]
[White "Babazada, Khazar"]
[Black "Rasulov, Vugar"]
[WhiteFideId "13413554"]
[BlackFideId "13402390"]
[WhiteElo "2409"]
[BlackElo "2523"]
[Result "1-0"]
[Round "07"]
[TimeControl "180+1"]
[Date "2022.08.02"]
[WhiteClock "0:01:46"]
[BlackClock "0:00:04"]

1. Nf3 d5 2. c4 c6 3. b3 Nf6 4. Bb2 e6 5. Qc2 Nbd7 6. e3 Bd6 7. Be2 O-O 8. g4 e5 9. g5 Ne8 10. h4 Qe7 11. Nc3 Nc7 12. O-O-O a6 13. h5 b5 14. Bd3 bxc4 15. Bxh7+ Kh8 16. Nh4 Qxg5 17. Rdg1 Qh6 18. Ng6+ Kxh7 19. Nxf8+ Kg8 20. Ng6 Nc5 21. bxc4 dxc4 22. Ne4 Nd3+ 23. Kd1 Rb8 24. Ke2 Rxb2 25. Qxc4 Bb4 26. Nf6+ gxf6 27. Nxe5+ Kh8 28. Rg8+ Kxg8 29. Qxf7+ Kh8 30. Ng6+ 1-0


[Site "https://www.chess.com"]

[Event "Titled Tuesday Blitz August 02 Late 2022"]
[White "Barria Zuniga, Daniel"]
[Black "Kravtsiv, Martyn"]
[WhiteFideId "3400816"]
[BlackFideId "14113147"]
[WhiteElo "2414"]
[BlackElo "2694"]
[Result "0-1"]
[Round "07"]
[TimeControl "180+1"]
[Date "2022.08.02"]
[WhiteClock "0:00:03"]
[BlackClock "0:00:13"]

1. d4 e6 2. c4 d5 3. Nf3 Bb4+ 4. Nc3 Nd7 5. e3 Ngf6 6. Bd2 O-O 7. a3 Bxc3 8. Bxc3 b6 9. Rc1 Bb7 10. Be2 Ne4 11. O-O c5 12. cxd5 exd5 13. dxc5 bxc5 14. b4 c4 15. Bd4 a6 16. Nd2 Nxd2 17. Qxd2 Re8 18. Qb2 Qg5 19. Rfd1 Rac8 20. a4 h5 21. b5 axb5 22. axb5 h4 23. Ra1 c3 24. Qb3 Nc5 25. Qxc3 Ne4 26. Qe1 Rc2 27. Rdc1 Rd2 28. f3 Rxd4 29. fxe4 Qxe3+ 30. Qf2 Qxf2+ 31. Kxf2 Rd2 32. Rd1 Rb2 33. Rdb1 Rxb1 34. Rxb1 dxe4 35. Ke3 g5 36. Bg4 Re5 37. b6 f5 38. Be2 f4+ 39. Kd4 Re7 40. Rb5 Rd7+ 41. Kc3 Rg7 42. Bc4+ Kh7 43. Rc5 g4 44. Rc7 f3 45. gxf3 exf3 46. Kd4 g3 47. hxg3 Rxc7 48. bxc7 hxg3 49. Bd5 g2 50. Bxb7 g1=Q+ 51. Kd5 Qd1+ 52. Kc6 Qc2+ 53. Kb6 f2 0-1


[Site "https://www.chess.com"]

[Event "Titled Tuesday Blitz August 02 Late 2022"]
[White "Bilych, Olexiy"]
[Black "Martic, Ivan"]
[WhiteFideId "14156504"]
[BlackFideId "929301"]
[WhiteElo "2189"]
[BlackElo "2355"]
[Result "1-0"]
[Round "07"]
[TimeControl "180+1"]
[Date "2022.08.02"]
[WhiteClock "0:01:02"]
[BlackClock "0:01:06"]

1. e4 c5 2. Nf3 Nf6 3. e5 Nd5 4. Nc3 Nxc3 5. dxc3 Nc6 6. Bf4 Qb6 7. b3 e6 8. Qd2 Qc7 9. h4 h6 10. h5 b6 11. O-O-O Bb7 12. Kb2 a6 13. Be2 b5 14. Qe3 c4 15. Rd2 Be7 16. Rhd1 Rd8 17. g4 Qa5 18. g5 Ba3+ 19. Kb1 Ne7 20. gxh6 gxh6 21. Rg1 Nd5 22. Rxd5 Bxd5 23. b4 Qc7 24. Bxh6 a5 25. Bg7 Rxh5 26. Bf6 Kf8 27. Nd4 Rh7 28. Qg5 1-0


[Site "https://www.chess.com"]

[Event "Titled Tuesday Blitz August 02 Late 2022"]
[White "Boros, Denes"]
[Black "Ladopoulos, Dimitrios"]
[WhiteFideId "722340"]
[BlackFideId "4239580"]
[WhiteElo "2464"]
[BlackElo "2195"]
[Result "0-1"]
[Round "07"]
[TimeControl "180+1"]
[Date "2022.08.02"]
[WhiteClock "0:00:58"]
[BlackClock "0:00:16"]

1. d4 e6 2. Nc3 d5 3. Nf3 Nf6 4. Bg5 Be7 5. Bxf6 Bxf6 6. e4 dxe4 7. Nxe4 Nd7 8. Qd3 b6 9. Qe3 Bb7 10. Bb5 a6 11. Bd3 Qe7 12. Qe2 c5 13. Nxf6+ Qxf6 14. O-O-O cxd4 15. Kb1 Bxf3 16. gxf3 Nc5 17. Rhg1 O-O 18. Rg4 g6 19. h4 Nxd3 20. Qxd3 Rfd8 21. h5 b5 22. Rdg1 Kg7 23. f4 Qf5 24. Qd2 Rac8 25. Rg5 Qe4 26. Re5 Qf3 27. hxg6 hxg6 28. Rg3 Qh1+ 29. Re1 Qh5 30. Rg5 Qf3 31. Rg3 Qd5 32. Reg1 Rh8 33. Qd3 Rh1 34. a3 Rxg1+ 35. Rxg1 Rh8 36. Rg5 Rh1+ 0-1


[Site "https://www.chess.com"]

[Event "Titled Tuesday Blitz August 02 Late 2022"]
[White "Bortnyk, Olexandr"]
[Black "Ibarra Jerez, Jose Carlos"]
[WhiteFideId "14120828"]
[BlackFideId "2226332"]
[WhiteElo "2723"]
[BlackElo "2628"]
[Result "1-0"]
[Round "07"]
[TimeControl "180+1"]
[Date "2022.08.02"]
[WhiteClock "0:01:29"]
[BlackClock "0:00:41"]

1. d4 g6 2. Nc3 Bg7 3. Bf4 d6 4. e3 Nd7 5. h3 Ngf6 6. Nf3 O-O 7. Bc4 b6 8. O-O Bb7 9. a4 a6 10. Qe2 Qe8 11. Bh2 e5 12. dxe5 dxe5 13. Rfd1 Qe7 14. Nd2 e4 15. Bxc7 Ne5 16. Bxb6 Nfd7 17. Bd4 Qh4 18. Bd5 Bxd5 19. Nxd5 Rfe8 20. Nc7 Rab8 21. Nxe8 Rxe8 22. Nc4 Nf3+ 23. gxf3 Qxh3 24. Qf1 Qf5 25. Nd6 Qe6 26. Nxe8 exf3 27. Nxg7 Qg4+ 28. Kh2 Qg2+ 29. Qxg2 1-0


[Site "https://www.chess.com"]

[Event "Titled Tuesday Blitz August 02 Late 2022"]
[White "Chigaev, Maksim"]
[Black "Naroditsky, Daniel"]
[WhiteFideId "4108116"]
[BlackFideId "2026961"]
[WhiteElo "2438"]
[BlackElo "2608"]
[Result "1/2-1/2"]
[Round "07"]
[TimeControl "180+1"]
[Date "2022.08.02"]
[WhiteClock "0:00:05"]
[BlackClock "0:00:05"]

1. Nf3 Nf6 2. g3 g6 3. Bg2 Bg7 4. O-O O-O 5. d3 d5 6. Nc3 d4 7. Na4 Nfd7 8. c4 c5 9. b4 cxb4 10. a3 b3 11. Qxb3 Nc6 12. Bd2 Re8 13. Ng5 Qc7 14. c5 Rf8 15. Bf4 e5 16. Bd2 Nf6 17. Rab1 Rb8 18. Rfc1 Bd7 19. Nb2 h6 20. Ne4 Nxe4 21. Bxe4 Be6 22. Nc4 f5 23. Bg2 e4 24. Bf4 Ne5 25. dxe4 fxe4 26. Bxe5 Bxe5 27. Bxe4 Qf7 28. f4 Bg7 29. Qd3 g5 30. Nd6 Qe7 31. f5 Bd7 32. Rxb7 Rxb7 33. Bxb7 Bxf5 34. Nxf5 Qxb7 35. c6 Qf7 36. Qc4 Qxc4 37. Rxc4 Be5 38. g4 Bc7 39. Ne7+ Kf7 40. Nd5 Rc8 41. Nxc7 Rxc7 42. Rxd4 Rxc6 43. Ra4 a6 44. Kf2 Ke6 45. Kf3 Kd5 46. e3 Rf6+ 47. Ke2 Rb6 48. h3 Ke5 49. Kf3 Rf6+ 50. Ke2 Rb6 51. Kd3 Rb3+ 52. Kd2 Rb6 53. Ke2 Rc6 54. Rb4 Rd6 55. Rc4 Rb6 56. Rc5+ Ke4 57. Rc4+ Ke5 58. Rb4 Rc6 59. Ra4 Rb6 1/2-1/2


[Site "https://www.chess.com"]

[Event "Titled Tuesday Blitz August 02 Late 2022"]
[White "Chiu, Isaac"]
[Black "Espinosa Veloz, Ermes"]
[WhiteFideId "30900654"]
[BlackFideId "3507424"]
[WhiteElo "2181"]
[BlackElo "2333"]
[Result "0-1"]
[Round "07"]
[TimeControl "180+1"]
[Date "2022.08.02"]
[WhiteClock "0:01:49"]
[BlackClock "0:01:10"]

1. b3 e5 2. Bb2 Nc6 3. c4 Nf6 4. e3 g6 5. d3 Bg7 6. Nc3 O-O 7. Nf3 d5 8. cxd5 Nxd5 9. a3 Re8 10. Be2 e4 11. Nxd5 exf3 12. Bxg7 fxe2 13. Qc2 Kxg7 14. Qc3+ f6 15. Nf4 Bf5 16. h4 Qd6 17. g4 Bxg4 18. Rg1 Ne5 19. Rg3 Nf3+ 20. Kxe2 Qxf4 21. Qxc7+ Qxc7 0-1


[Site "https://www.chess.com"]

[Event "Titled Tuesday Blitz August 02 Late 2022"]
[White "Dimitrov, Atanas"]
[Black "Riehle, Marco"]
[WhiteFideId "2901315"]
[BlackFideId "12904392"]
[WhiteElo "2677"]
[BlackElo "2462"]
[Result "0-1"]
[Round "07"]
[TimeControl "180+1"]
[Date "2022.08.02"]
[WhiteClock "0:00:26"]
[BlackClock "0:01:42"]

1. Nf3 d5 2. c4 e6 3. e3 Nf6 4. Nc3 c5 5. cxd5 Nxd5 6. Be2 Nc6 7. O-O Be7 8. d4 cxd4 9. Nxd4 Nxc3 10. bxc3 O-O 11. Bb2 Nxd4 12. cxd4 b6 13. Bf3 Rb8 14. d5 exd5 15. Qxd5 Be6 16. Qxd8 Rfxd8 17. Bd4 Rbc8 18. a4 Bc5 19. Be5 f6 20. Bg3 Kf7 21. h3 a5 22. Be2 Rd2 23. Bb5 Bd7 24. Bxd7 Rxd7 25. Rfc1 Rd2 26. Rc4 Rcd8 27. Kh2 g5 28. Rb1 Ra2 29. h4 h6 30. Bc7 Rdd2 31. Bxb6 Bxb6 32. Rxb6 Rxf2 33. Rg4 h5 34. Rg3 g4 35. Rb5 Rxa4 36. Rxh5 f5 37. Rh8 Re4 38. Ra8 a4 39. h5 Kg7 40. Ra6 Kh7 41. Ra5 Kh6 42. Kg1 Re2 43. Rxf5 R2xe3 44. Rxe3 Rxe3 45. Kf2 Rb3 46. Rf4 g3+ 47. Kf1 a3 48. Ra4 Kxh5 49. Ke2 Kg5 50. Kd2 Kf5 51. Ke2 Ke5 52. Kd2 Kd5 53. Kc2 Rb2+ 54. Kd3 a2 55. Ra5+ Kc6 56. Ke3 Rxg2 57. Kf3 Rb2 58. Kxg3 Kb6 59. Ra8 Kc5 60. Kf3 Kd4 61. Ra3 Rb3+ 62. Rxb3 a1=Q 63. Rb4+ Kc3 64. Rf4 Qf1+ 65. Kg4 Qg2+ 66. Kf5 Kd3 67. Ke5 Ke3 68. Rf5 Qg6 69. Rf6 Qg5+ 70. Rf5 Qe7+ 71. Kd5 Qe4+ 0-1


[Site "https://www.chess.com"]

[Event "Titled Tuesday Blitz August 02 Late 2022"]
[White "Ernst, Sipke"]
[Black "Yoo, Christopher Woojin"]
[WhiteFideId "1004689"]
[BlackFideId "30909694"]
[WhiteElo "2436"]
[BlackElo "2105"]
[Result "0-1"]
[Round "07"]
[TimeControl "180+1"]
[Date "2022.08.02"]
[WhiteClock "0:00:11"]
[BlackClock "0:00:02"]

1. d4 Nf6 2. c4 g6 3. Nc3 Bg7 4. e4 d6 5. Nf3 O-O 6. Be2 e5 7. O-O h6 8. dxe5 dxe5 9. Qxd8 Rxd8 10. Nd5 Ne8 11. Be3 Nc6 12. Rfd1 Bg4 13. Rac1 Bxf3 14. Bxf3 Nd4 15. Kf1 c6 16. Nb4 Nd6 17. Bxd4 exd4 18. Nd3 Re8 19. Re1 Be5 20. g3 g5 21. Bh5 Bg7 22. f3 Re7 23. c5 Ne8 24. e5 Nc7 25. f4 Nd5 26. Re4 Ne3+ 27. Kf2 Rd8 28. Kf3 a5 29. h4 gxh4 30. gxh4 Rd5 31. Rg1 Kf8 32. a3 f5 33. Rxe3 dxe3 34. Kxe3 Red7 35. Be2 a4 36. Rg6 Ke8 37. Rd6 Bf8 38. Bh5+ Kd8 39. Rxd5 Rxd5 40. Bf7 Rd7 41. Be6 Rg7 42. Bxf5 Be7 43. h5 Rg3+ 44. Ke4 Rg2 45. Bg6 Re2+ 46. Kd4 Bh4 47. f5 Bf2+ 48. Kc3 Be1+ 49. Kc4 Re4# 0-1


[Site "https://www.chess.com"]

[Event "Titled Tuesday Blitz August 02 Late 2022"]
[White "Ghaem Maghami, Ehsan"]
[Black "Harvey, Marcus R"]
[WhiteFideId "12500739"]
[BlackFideId "400092"]
[WhiteElo "2627"]
[BlackElo "2485"]
[Result "1-0"]
[Round "07"]
[TimeControl "180+1"]
[Date "2022.08.02"]
[WhiteClock "0:00:52"]
[BlackClock "0:00:11"]

1. c4 Nf6 2. Nc3 e6 3. e4 d5 4. e5 d4 5. exf6 dxc3 6. bxc3 Qxf6 7. Nf3 e5 8. Bd3 Bd7 9. O-O Bd6 10. Be4 Bc6 11. Qc2 Bxe4 12. Qxe4 Nc6 13. Rb1 Qg6 14. Qxg6 hxg6 15. d4 O-O-O 16. h3 exd4 17. cxd4 Be7 18. Be3 Bf6 19. d5 Na5 20. Rfc1 b6 21. c5 Kb7 22. d6 Rc8 23. dxc7 Rxc7 24. Nd2 Rhc8 25. Rd1 Rc6 26. g4 Be7 27. cxb6 axb6 28. Ne4 Rd8 29. Rxd8 Bxd8 30. Rd1 Be7 31. Bf4 Kc8 32. Bd6 Bd8 33. Bb4 Nc4 34. Rd4 Bf6 35. Rxc4 1-0


[Site "https://www.chess.com"]

[Event "Titled Tuesday Blitz August 02 Late 2022"]
[White "Gschnitzer, Adrian"]
[Black "Lin, Dachey"]
[WhiteFideId "1270337"]
[BlackFideId "2029650"]
[WhiteElo "2294"]
[BlackElo "2313"]
[Result "0-1"]
[Round "07"]
[TimeControl "180+1"]
[Date "2022.08.02"]
[WhiteClock "0:00:24"]
[BlackClock "0:01:24"]

1. d4 g6 2. e4 Bg7 3. Nc3 d5 4. Nf3 c6 5. h3 dxe4 6. Nxe4 Nd7 7. Qe2 Qc7 8. g3 Ngf6 9. Bg2 O-O 10. Bf4 Qb6 11. O-O-O Nxe4 12. Qxe4 Nf6 13. Qe2 Nd5 14. Bd2 c5 15. Ne5 Rd8 16. dxc5 Qxc5 17. Be3 Qa5 18. Nc4 Qxa2 19. Rxd5 Be6 20. Rhd1 Bxd5 21. Rxd5 Rxd5 22. Bxd5 Qa1+ 23. Kd2 Rd8 24. Qd3 e6 25. Ke2 Rxd5 0-1


[Site "https://www.chess.com"]

[Event "Titled Tuesday Blitz August 02 Late 2022"]
[White "Guz, Ari"]
[Black "Livaic, Leon"]
[WhiteFideId "2825759"]
[BlackFideId "14531534"]
[WhiteElo "1913"]
[BlackElo "2540"]
[Result "0-1"]
[Round "07"]
[TimeControl "180+1"]
[Date "2022.08.02"]
[WhiteClock "0:00:28"]
[BlackClock "0:00:52"]

1. e4 c5 2. Nf3 d6 3. c3 Nf6 4. h3 Nc6 5. Bd3 e5 6. O-O g5 7. Nh2 h5 8. Bb5 g4 9. h4 Nxe4 10. Qa4 Nf6 11. d4 cxd4 12. cxd4 Bd7 13. dxe5 dxe5 14. Bg5 Be7 15. Nc3 a6 16. Bxc6 Bxc6 17. Qb3 Qd7 18. Rfe1 Qf5 19. Nf1 Nd7 20. Ng3 Qe6 21. Qxe6 fxe6 22. Bxe7 Kxe7 23. Rad1 Rad8 24. Nce4 Bxe4 25. Rxe4 Nf6 26. Rxd8 Rxd8 27. Rxe5 Rd1+ 28. Kh2 Rd3 29. Nxh5 g3+ 30. Kg1 Rd1+ 31. Re1 Rxe1# 0-1


[Site "https://www.chess.com"]

[Event "Titled Tuesday Blitz August 02 Late 2022"]
[White "Hakobyan, Aram"]
[Black "Vivekananthan, Anish"]
[WhiteFideId "13306677"]
[BlackFideId "2090775"]
[WhiteElo "2557"]
[BlackElo "2712"]
[Result "1-0"]
[Round "07"]
[TimeControl "180+1"]
[Date "2022.08.02"]
[WhiteClock "0:01:45"]
[BlackClock "0:00:20"]

1. e4 c6 2. d4 d5 3. exd5 cxd5 4. Nf3 Nf6 5. c3 Nc6 6. Ne5 Bd7 7. Nd2 e6 8. Bd3 Bd6 9. f4 Ne7 10. O-O a6 11. Qe2 Qb6 12. a4 O-O 13. Rf3 Ng6 14. Bxg6 hxg6 15. Rh3 Rfd8 16. g4 Be8 17. Qf2 Bxe5 18. fxe5 Nxg4 19. Qh4 f5 20. Nf3 Kf8 21. Qh8+ Ke7 22. Qxg7+ Bf7 23. Bg5+ 1-0


[Site "https://www.chess.com"]

[Event "Titled Tuesday Blitz August 02 Late 2022"]
[White "Holt, Conrad"]
[Black "Paravyan, David"]
[WhiteFideId "2034387"]
[BlackFideId "4194985"]
[WhiteElo "2586"]
[BlackElo "2569"]
[Result "1/2-1/2"]
[Round "07"]
[TimeControl "180+1"]
[Date "2022.08.02"]
[WhiteClock "0:00:03"]
[BlackClock "0:00:06"]

1. d4 Nf6 2. c4 g6 3. Nc3 d5 4. e3 Bg7 5. Qa4+ Bd7 6. Qb3 dxc4 7. Bxc4 O-O 8. Nf3 c5 9. Ne5 e6 10. Qxb7 cxd4 11. exd4 Qb6 12. Qxb6 axb6 13. Nxd7 Nfxd7 14. d5 Ne5 15. Be2 exd5 16. Nxd5 Nbc6 17. Nxb6 Rab8 18. Be3 Nb4 19. O-O-O Nxa2+ 20. Kb1 Nb4 21. Bc5 Rfe8 22. Bb5 Re6 23. Na4 h5 24. Bxb4 Rxb5 25. Bc3 Nc4 26. Bxg7 Kxg7 27. Rc1 Nd2+ 28. Kc2 Nb3 29. Rce1 Nd4+ 30. Kb1 Ra6 31. Nc3 Rba5 32. Kc1 Rd6 33. Rd1 Ra1+ 34. Kd2 Nf5+ 35. Kc2 Raxd1 36. Rxd1 Rb6 37. g3 h4 38. g4 Ne7 39. Rd4 h3 40. Rd3 Rb4 41. Rg3 Ng8 42. f3 f5 43. gxf5 Ne7 44. fxg6 Rh4 45. Ne4 Nf5 46. Rg4 Nd4+ 47. Kd3 Rxg4 48. fxg4 Nf3 49. Nf2 Nxh2 50. Ke4 Kxg6 51. Kf4 Nf1 52. Nxh3 Nd2 53. b4 Nc4 54. Nf2 Kf6 55. Ne4+ Ke6 56. g5 Nb6 57. Nc3 Nc4 58. Ke4 Nd6+ 59. Kf4 Nc4 60. b5 Ne5 61. Ke4 Nf7 62. g6 Nd6+ 63. Kf4 Nxb5 64. Kg5 Nxc3 65. Kh6 Nd5 66. g7 Nf6 67. Kg6 Ng8 68. Kh7 Kf7 69. Kh8 Ne7 70. g8=Q+ Nxg8 1/2-1/2


[Site "https://www.chess.com"]

[Event "Titled Tuesday Blitz August 02 Late 2022"]
[White "Izoria, Zviad"]
[Black "Tanenbaum, Zachary"]
[WhiteFideId "13601733"]
[BlackFideId "2060850"]
[WhiteElo "2626"]
[BlackElo "2175"]
[Result "1-0"]
[Round "07"]
[TimeControl "180+1"]
[Date "2022.08.02"]
[WhiteClock "0:00:39"]
[BlackClock "0:00:35"]

1. Nf3 d5 2. d4 Nf6 3. c4 dxc4 4. e3 a6 5. Bxc4 e6 6. O-O c5 7. Nc3 b5 8. Be2 Bb7 9. dxc5 Bxc5 10. Qxd8+ Kxd8 11. Nd2 Nbd7 12. Nb3 Bb6 13. a4 b4 14. a5 Nc5 15. Nxc5 Bxc5 16. Na4 Bd6 17. f3 Rc8 18. e4 Ke7 19. Be3 Rc6 20. Rfd1 e5 21. b3 Rhc8 22. Nb6 R8c7 23. Bc4 Bc5 24. Kf2 Bxe3+ 25. Kxe3 Bc8 26. Rd3 Be6 27. Bxa6 Rc3 28. Bc4 Bxc4 29. Nxc4 Rxd3+ 30. Kxd3 Nd7 31. a6 Nc5+ 32. Kc2 Ra7 33. Ra5 Nxa6 34. Rxe5+ Kf6 35. Ra5 Ra8 36. Nb6 Ra7 37. Nd5+ Ke6 38. Rxa6+ Rxa6 39. Nc7+ 1-0


[Site "https://www.chess.com"]

[Event "Titled Tuesday Blitz August 02 Late 2022"]
[White "Jaferian, Koosha"]
[Black "Al-Tarboush, Ward"]
[WhiteFideId "12507440"]
[BlackFideId "7601450"]
[WhiteElo "2030"]
[BlackElo "2231"]
[Result "1-0"]
[Round "07"]
[TimeControl "180+1"]
[Date "2022.08.02"]
[WhiteClock "0:01:49"]
[BlackClock "0:01:29"]

1. e4 c5 2. Nc3 Nc6 3. Bb5 Nd4 4. Nf3 Nxb5 5. Nxb5 d6 6. d4 cxd4 7. Qxd4 Nf6 8. Qc4 Qa5+ 9. Bd2 Be6 10. Nc7+ Kd7 11. Nxe6 Qb6 12. Be3 Qc6 13. Qxc6+ bxc6 14. Nxf8+ Rhxf8 15. Nd2 Rab8 16. b3 a5 17. c4 a4 18. f3 Ra8 19. Ke2 Kc7 20. Bd4 Nd7 21. b4 e5 22. Be3 g6 23. a3 f5 24. exf5 gxf5 25. g4 f4 26. Bf2 Nf6 27. Ne4 Nxe4 28. fxe4 Rg8 29. h3 h5 30. Kf3 Rg7 31. Rag1 d5 32. cxd5 cxd5 33. exd5 Kd6 34. Ke4 Rc8 35. Bc5+ Kd7 36. gxh5 Rh7 37. h6 Rxh6 38. Rg7+ Kd8 39. Rg8+ Kd7 40. Rxc8 Kxc8 41. Kxe5 f3 42. h4 Rh5+ 43. Ke4 Kd7 44. Kxf3 Rxd5 45. Re1 Rd3+ 46. Re3 Rd1 47. Ke4 Ra1 48. Rh3 Ke6 49. h5 Rc1 50. h6 Rc4+ 51. Kd3 1-0


[Site "https://www.chess.com"]

[Event "Titled Tuesday Blitz August 02 Late 2022"]
[White "Kamsky, Gata"]
[Black "Wagner, Dennis"]
[WhiteFideId "2000024"]
[BlackFideId "24650684"]
[WhiteElo "2645"]
[BlackElo "2355"]
[Result "1-0"]
[Round "07"]
[TimeControl "180+1"]
[Date "2022.08.02"]
[WhiteClock "0:00:50"]
[BlackClock "0:00:01"]

1. e4 e5 2. Nf3 Nc6 3. Bb5 a6 4. Ba4 Nf6 5. O-O Nxe4 6. d4 b5 7. Bb3 d5 8. dxe5 Be6 9. Qe2 Be7 10. Rd1 O-O 11. c4 bxc4 12. Bxc4 Bc5 13. Be3 Bxe3 14. Qxe3 Qb8 15. Bb3 Na5 16. Nbd2 Qa7 17. Qxa7 Rxa7 18. Rac1 c5 19. Nxe4 Nxb3 20. Nf6+ gxf6 21. axb3 fxe5 22. Nxe5 Rc8 23. Nd3 c4 24. bxc4 dxc4 25. Nf4 Rb7 26. Rd2 c3 27. Nxe6 fxe6 28. Rdc2 Rb3 29. bxc3 Rc4 30. g3 Kf7 31. Ra2 Rbxc3 32. Rxc3 Rxc3 33. Rxa6 Rc5 34. Kg2 h5 35. h4 Rf5 36. f3 Kf6 37. g4 hxg4 38. fxg4 Rb5 39. Ra3 Rb4 40. Kg3 Rb1 41. Rf3+ Kg6 42. Re3 Kf6 43. g5+ Kf5 44. Rf3+ Ke4 45. Rf6 e5 46. Kg4 Rg1+ 47. Kh5 Kd5 48. Kg6 e4 49. Rf8 Rg4 50. Rd8+ Kc4 51. h5 e3 52. Re8 Kd4 53. Kf5 Rg1 54. h6 Rf1+ 55. Kg6 Rh1 56. Kh7 Kd3 57. g6 1-0


[Site "https://www.chess.com"]

[Event "Titled Tuesday Blitz August 02 Late 2022"]
[White "Koelle, Tobias"]
[Black "Zhigalko, Sergei"]
[WhiteFideId "16207378"]
[BlackFideId "13502956"]
[WhiteElo "2541"]
[BlackElo "2662"]
[Result "0-1"]
[Round "07"]
[TimeControl "180+1"]
[Date "2022.08.02"]
[WhiteClock "0:00:15"]
[BlackClock "0:00:08"]

1. d4 Nf6 2. c4 e6 3. Nf3 b6 4. g3 Ba6 5. b3 Bb4+ 6. Bd2 Be7 7. Bg2 c6 8. Bc3 d5 9. Nbd2 Nbd7 10. O-O O-O 11. Re1 c5 12. e4 Nxe4 13. Nxe4 dxe4 14. Rxe4 Bb7 15. Re2 Bf6 16. Rd2 Qc7 17. Qc2 Rad8 18. Rad1 cxd4 19. Bxd4 h6 20. h4 Bc6 21. Ne1 Bxg2 22. Nxg2 Bxd4 23. Rxd4 Ne5 24. Qe2 Nc6 25. Rxd8 Rxd8 26. Nf4 Nd4 27. Qg4 Qc6 28. Rd3 Qe4 29. Re3 Qb1+ 30. Kg2 Nf5 31. Re2 Rd1 32. Qf3 Rh1 33. Qa8+ Kh7 34. Kf3 Nd4+ 35. Ke3 Nxe2 36. Nxe2 Re1 37. Qf3 Qxa2 38. Qe4+ f5 39. Qd3 a5 40. Kf3 Rxe2 41. Qxe2 Qxe2+ 42. Kxe2 e5 43. Ke3 g5 44. hxg5 hxg5 45. f3 Kg6 46. g4 Kf6 47. Kf2 e4 48. Ke3 exf3 49. Kxf3 Ke5 50. gxf5 Kxf5 51. Ke3 Ke5 52. Kd3 g4 53. Ke3 g3 54. c5 bxc5 55. Kf3 Kd4 56. b4 cxb4 57. Ke2 b3 58. Kf3 b2 59. Kg2 b1=Q 60. Kf3 Qd3+ 61. Kg2 a4 62. Kh1 Qd2 63. Kg1 Qf2+ 64. Kh1 Qh2# 0-1


[Site "https://www.chess.com"]

[Event "Titled Tuesday Blitz August 02 Late 2022"]
[White "Lobanov, Sergei"]
[Black "Weisz, Bryan"]
[WhiteFideId "24183750"]
[BlackFideId "30934133"]
[WhiteElo "2524"]
[BlackElo "2244"]
[Result "1-0"]
[Round "07"]
[TimeControl "180+1"]
[Date "2022.08.02"]
[WhiteClock "0:01:34"]
[BlackClock "0:01:08"]

1. Nf3 d5 2. e3 c5 3. b3 Nc6 4. Bb5 f6 5. Bxc6+ bxc6 6. d4 cxd4 7. exd4 Bg4 8. Ba3 e5 9. Bxf8 Kxf8 10. dxe5 fxe5 11. O-O e4 12. Qd4 Bxf3 13. gxf3 Qg5+ 14. Kh1 Qh5 15. Nd2 exf3 16. Qc5+ Ne7 17. Rae1 Re8 18. Re3 g5 19. Rfe1 1-0


[Site "https://www.chess.com"]